Map: Polka LE

Players

risrullarn - Winner!

  • Race: Zerg Zerg
  • Spawn Location: 11:00

FishStickz - Winner!

  • Race: Zerg Zerg
  • League: Diamond
  • Spawn Location: 11:00

Massa

  • Race: Terran Terran
  • League: Platinum
  • Spawn Location: 5:00

qqq

  • Race: Zerg Zerg
  • Spawn Location: 5:00

VOD

Have the link to the VOD?

Description

Time

  • Played on: Feb. 20, 2021, 5:21 p.m.
  • Length: 10:53
Show
View Real Time Build Order
Export as new Build Order

risrullarn Zerg - Winner!

Build Orders: Pool First 

Get SALT Encoding   

  12  0:00  Drone  
  13  0:12  Overlord  
  13  0:17  Drone  
  14  0:31  Drone x2  
  14  0:35  Drone  
  17  0:45  Drone  
  18  0:50  Extractor  
  18  0:56  Drone, Spawning Pool  
  17  1:06  Drone  
  18  1:19  Hatchery  
  18  1:22  Drone  
  18  1:29  Drone  
  19  1:39  Drone  
  20  1:43  Queen  
  22  1:50  Overlord  
  22  1:57  Evolution Chamber  
  22  2:00  Drone  
  22  2:14  Drone  
  23  2:18  Queen  
  25  2:23  Drone  
  25  2:27  Zerg Ground Armor Level 1  
  26  2:35  Queen  
  28  2:38  Drone  
  28  2:42  Drone  
  30  2:46  Drone  
  30  2:48  Drone  
  32  2:58  Drone x2  
  33  2:59  Drone x2  
  36  3:06  Lair  
  36  3:10  Overlord  
  36  3:22  Evolution Chamber  
  36  3:24  Drone, Extractor  
  36  3:25  Drone  
  36  3:28  Queen  
  36  3:31  Drone  
  39  3:38  Drone x5  
  44  3:46  Overlord x2  
  44  3:56  Zerg Missile Weapons Level 1  
  44  4:09  Metabolic Boost, Zergling x10  
  50  4:10  Zergling x4  
  51  4:17  Queen  
  51  4:20  Queen  
  55  4:37  Hatchery  
  54  4:47  Drone x4  
  54  4:49  Zerg Ground Armor Level 2  
  54  4:51  Drone x2  
  60  5:09  Nydus Network  
  59  5:31  Queen  
  59  5:32  Infestation Pit  
  59  5:33  Hatchery  
  59  5:48  Queen  
  59  5:49  Overlord x2  
  61  5:50  Queen, Overlord  
  61  5:55  Zerg Missile Weapons Level 2  
  63  5:58  Hatchery  
  62  6:06  Overlord x3  
  62  6:15  Nydus Canal  
  62  6:17  Spore Crawler x2  
  60  6:19  Spore Crawler  
  60  6:23  Queen  
  60  6:24  Queen  
  62  6:36  Queen  
  64  6:51  Queen  
  65  7:00  Queen  
  63  7:12  Queen  
  63  7:15  Queen  
  67  7:21  Hive  
  63  7:26  Queen  
  63  7:35  Queen  
  49  7:48  Queen  
  49  7:49  Nydus Canal  
  49  7:50  Queen  
  53  8:02  Queen  
  55  8:11  Pneumatized Carapace  
  55  8:13  Hatchery  
  54  8:24  Queen  
  54  8:26  Queen  
  54  8:27  Nydus Canal  
  54  8:32  Overlord x2  
  54  8:38  Queen  
  56  8:54  Nydus Canal, Queen x2  
  58  8:59  Queen  
  58  9:02  Queen  
  62  9:13  Queen  
  64  9:19  Nydus Canal  
  62  9:30  Queen x2, Overlord x3  
  62  9:47  Nydus Canal  
  62  9:50  Queen x2  
  64  9:53  Queen  
  66  10:05  Spore Crawler  
  65  10:07  Spore Crawler  
  65  10:14  Queen x2  
  72  10:32  Nydus Network  
Show
View Real Time Build Order
Export as new Build Order

FishStickz Zerg - Winner!

Build Orders: Pool First 

Get SALT Encoding   

  12  0:00  Drone  
  13  0:08  Drone  
  14  0:16  Overlord  
  14  0:25  Extractor, Drone  
  15  0:35  Drone  
  15  0:36  Drone  
  15  0:40  Extractor  
  16  0:43  Drone  
  17  0:51  Spawning Pool  
  17  0:54  Drone  
  17  1:18  Hatchery  
  16  1:24  Drone  
  17  1:30  Drone  
  18  1:38  Queen  
  20  1:41  Zergling x2  
  20  1:45  Overlord  
  21  1:52  Drone  
  22  1:58  Metabolic Boost  
  22  2:15  Queen  
  24  2:27  Drone x2  
  24  2:28  Drone  
  27  2:33  Queen  
  29  2:44  Zergling x6  
  32  2:51  Zergling x4  
  32  2:52  Zergling x4  
  36  2:59  Overlord  
  36  3:16  Baneling Nest  
  36  3:17  Hatchery  
  34  3:20  Drone  
  34  3:22  Drone  
  34  3:26  Drone x2  
  38  3:31  Drone x2  
  40  3:38  Spine Crawler  
  40  3:39  Drone  
  40  3:43  Drone  
  40  3:47  Overlord  
  41  3:56  Overlord  
  41  4:02  Zergling x6  
  44  4:04  Baneling x3  
  44  4:05  Baneling  
  44  4:13  Zergling x6  
  47  4:17  Drone x2  
  49  4:27  Drone x2  
  51  4:36  Drone x5  
  56  4:49  Queen x2  
  56  4:50  Queen  
  56  4:52  Drone  
  63  4:56  Spore Crawler  
  63  4:58  Spore Crawler  
  63  4:59  Drone  
  60  5:23  Overlord x2  
  60  5:25  Lair  
  60  5:31  Extractor  
  60  5:32  Extractor, Drone x2  
  60  5:33  Extractor  
  60  5:35  Drone  
  60  5:36  Drone x2  
  60  5:37  Drone x3  
  65  5:45  Overlord  
  65  5:49  Queen x2  
  69  5:57  Overlord  
  69  5:58  Drone x2  
  69  5:59  Drone  
  69  6:01  Drone x2  
  69  6:02  Drone x3  
  69  6:03  Drone  
  69  6:04  Drone  
  79  6:21  Drone  
  79  6:22  Drone  
  80  6:29  Overlord  
  80  6:34  Spire  
  80  6:35  Drone  
  80  6:36  Drone x2  
  80  6:38  Extractor  
  80  6:39  Extractor  
  80  6:46  Overseer  
  74  6:53  Drone x2  
  76  7:00  Drone x2  
  78  7:05  Overlord x2  
  78  7:24  Overlord x2  
  78  7:30  Drone x2  
  78  7:32  Drone x4  
  84  7:40  Overlord  
  84  7:49  Mutalisk x8  
  84  7:50  Spore Crawler  
  99  7:55  Queen x3  
  105  8:00  Drone  
  105  8:01  Spore Crawler  
  105  8:10  Drone  
  105  8:11  Drone  
  105  8:12  Drone x2, Spore Crawler  
  108  8:15  Zerg Flyer Armor Level 1  
  108  8:16  Hatchery  
  108  8:17  Overlord x2  
  107  8:31  Pneumatized Carapace  
  107  8:41  Mutalisk x9  
  122  8:58  Mutalisk x4  
  130  9:05  Drone x2  
  129  9:12  Mutalisk x2  
  131  9:18  Mutalisk x2  
  131  9:19  Mutalisk x2  
  131  9:23  Drone x2  
  140  9:28  Extractor  
  140  9:29  Overlord x2  
  139  9:31  Extractor  
  139  9:35  Mutalisk x2  
  142  9:38  Spore Crawler  
  142  9:39  Spore Crawler  
  140  9:49  Mutalisk x2  
  140  9:50  Mutalisk  
  144  9:55  Hatchery  
  144  9:56  Overlord x2  
  143  10:03  Mutalisk  
  143  10:04  Mutalisk  
  147  10:10  Drone x2  
  147  10:13  Drone x3  
  150  10:21  Mutalisk x3  
  155  10:52  Extractor  
Show
View Real Time Build Order
Export as new Build Order

Massa Terran 

Build Orders: Liberator Opening 

Get SALT Encoding   

  12  0:00  SCV  
  13  0:12  SCV  
  14  0:23  Supply Depot  
  14  0:25  SCV  
  15  0:34  Refinery  
  15  0:45  SCV  
  15  0:46  Barracks  
  16  0:57  SCV  
  16  1:01  Supply Depot  
  17  1:09  SCV  
  18  1:21  SCV  
  19  1:33  SCV  
  19  1:36  Marine  
  21  1:40  Factory  
  21  1:46  Orbital Command  
  21  1:56  Barracks Reactor  
  21  2:11  Command Center  
  21  2:14  SCV  
  22  2:38  Refinery  
  22  2:41  Hellion x2  
  22  2:42  Barracks Tech Lab  
  26  2:44  SCV  
  26  2:48  Supply Depot  
  27  2:54  Starport  
  27  3:02  Hellion, Marine  
  30  3:10  SCV, Hellion  
  30  3:11  Supply Depot  
  33  3:23  Hellion  
  35  3:28  Stimpack  
  35  3:31  Hellion  
  37  3:37  Orbital Command  
  37  3:41  SCV  
  38  3:54  Liberator  
  41  3:59  Hellion x2  
  41  4:02  Marine  
  46  4:04  SCV x2  
  48  4:12  Engineering Bay  
  48  4:16  SCV x2  
  50  4:21  Hellion  
  52  4:37  Widow Mine  
  54  4:41  Medivac  
  54  4:42  Widow Mine  
  58  4:51  SCV x2  
  60  4:56  Barracks  
  60  4:57  Barracks  
  60  4:58  Widow Mine  
  62  5:00  Terran Infantry Weapons Level 1  
  62  5:02  Supply Depot  
  62  5:23  SCV  
  62  5:24  Widow Mine  
  65  5:33  Widow Mine  
  65  5:35  Marauder  
  69  5:51  Supply Depot  
  69  5:52  Barracks Reactor, Barracks Tech Lab, Supply Depot  
  69  5:54  Supply Depot  
  69  6:10  SCV  
  70  6:12  SCV  
  70  6:13  Widow Mine x2, Marauder  
  70  6:15  Missile Turret  
  77  6:19  Missile Turret  
  77  6:23  SCV  
  77  6:24  SCV  
  79  6:33  Marine  
  79  6:39  Marauder, Marine x2  
  79  6:48  Widow Mine x2  
  79  6:50  Concussive Shells  
  79  6:52  Marauder  
  78  6:57  Marine x2  
  78  7:00  Marauder  
  78  7:09  Widow Mine  
  78  7:11  Barracks  
  78  7:12  Barracks  
  78  7:13  Marine  
  77  7:31  Marauder  
  77  7:34  Marine x2  
  81  7:52  Marauder, Marine x2  
  85  8:10  Marine  
  86  8:14  Barracks Reactor, Barracks Tech Lab  
  86  8:23  Supply Depot x2  
  86  8:24  Supply Depot x2  
  86  8:25  Supply Depot  
  86  8:41  Starport Reactor  
  86  8:44  Marine x2  
  86  8:45  Marauder, Engineering Bay  
  89  9:06  Marauder  
  91  9:14  Marauder, Marine x4  
  97  9:18  Medivac x2  
  92  9:28  Marauder  
  94  9:32  SCV x2, Marine x4  
  94  9:36  Marauder  
  102  9:44  SCV x2  
  92  9:47  Medivac  
  92  9:49  Marauder  
  96  9:54  Sensor Tower  
  96  9:56  SCV  
  97  10:02  Viking, Missile Turret  
  103  10:14  Widow Mine x2  
  103  10:17  Viking  
  101  10:32  Missile Turret  
Show
View Real Time Build Order
Export as new Build Order

qqq Zerg 

Build Orders: Hatch First 

Get SALT Encoding   

  12  0:02  Drone  
  13  0:12  Drone  
  14  0:16  Overlord  
  14  0:46  Hatchery  
  14  0:49  Drone  
  14  0:53  Drone  
  14  0:55  Drone  
  16  1:08  Extractor  
  15  1:16  Spawning Pool  
  14  1:19  Drone  
  15  1:29  Drone x2  
  17  1:33  Drone  
  18  1:57  Overlord  
  18  1:58  Drone  
  18  1:59  Drone  
  20  2:06  Queen  
  20  2:07  Baneling Nest  
  21  2:13  Extractor  
  20  2:17  Zergling x4  
  22  2:26  Queen  
  24  2:30  Drone  
  24  2:34  Drone  
  26  2:43  Lair  
  26  2:50  Drone x2  
  28  2:54  Extractor, Baneling  
  28  2:55  Baneling  
  27  2:59  Drone  
  27  3:01  Drone  
  29  3:09  Drone x2  
  31  3:16  Drone  
  31  3:18  Extractor  
  31  3:21  Drone x3  
  31  3:26  Drone  
  35  3:31  Extractor  
  34  3:35  Drone x2  
  34  3:37  Overlord  
  36  3:57  Drone x4, Spire  
  39  4:04  Drone  
  39  4:05  Drone x2  
  42  4:11  Drone  
  42  4:12  Drone  
  42  4:15  Overlord  
  44  4:28  Overlord  
  44  4:40  Overlord  
  44  4:41  Drone  
  44  4:42  Drone  
  46  4:46  Drone x2, Hatchery  
  47  4:55  Overlord  
  47  4:57  Drone  
  47  4:58  Drone x2  
  50  5:11  Mutalisk x2  
  50  5:12  Mutalisk  
  50  5:13  Mutalisk  
  58  5:21  Mutalisk  
  58  5:22  Mutalisk  
  62  5:29  Mutalisk  
  62  5:30  Infestation Pit  
  62  5:32  Drone, Zerg Flyer Weapons Level 1  
  64  5:42  Mutalisk  
  64  5:43  Mutalisk  
  64  5:49  Mutalisk  
  68  5:50  Overlord x2  
  70  6:00  Drone  
  70  6:01  Mutalisk  
  70  6:03  Queen  
  75  6:05  Mutalisk  
  75  6:11  Drone  
  78  6:15  Overlord  
  78  6:22  Drone  
  79  6:42  Hive  
  75  7:02  Drone x4  
  75  7:06  Mutalisk  
  75  7:07  Mutalisk x4  
  89  7:08  Drone  
  89  7:09  Drone x2  
  88  7:32  Mutalisk x3  
  88  7:34  Drone x2  
  88  7:37  Extractor  
  88  7:38  Extractor  
  88  7:43  Mutalisk  
  88  7:44  Drone  
  89  7:58  Hatchery  
  88  8:10  Drone x2  
  88  8:21  Hatchery  
  87  8:31  Drone  
  87  8:32  Drone  
  89  8:39  Drone  
  90  8:41  Mutalisk x2, Greater Spire  
  90  8:42  Mutalisk x2  
  98  8:49  Overlord x2  
  95  8:56  Mutalisk  
  97  9:14  Corruptor x3  
  97  9:15  Corruptor x2  
  101  9:22  Spine Crawler  
  101  9:23  Spine Crawler  
  98  9:30  Drone x3  
  98  9:31  Drone x2  
  101  9:42  Corruptor  
  101  9:43  Corruptor x3  
  99  10:04  Drone x5  
  99  10:05  Drone  
  103  10:07  Spore Crawler  
  103  10:08  Spore Crawler x2, Viper  
Tags
 
Add a new tag
Caveats
  • Supply blocks, unpowered buildings, or Contaminate may cause inaccurate times.
  • Supply counts are checked every 10 seconds.